Cogmind - Beta 16 *** ADVENTURER MODE // 2025.10.29 @ 20:15:37 Player: Scribs Result: Self-destructed Performance ------------- Evolutions (1) 500 Regions Visited (2) 400 Robots Destroyed (16) 80 Value Destroyed (417) 417 Prototype IDs (0) 0 Alien Tech Used (0) 0 Bonus (0) 0 TOTAL SCORE: 1397 Bonus ------- None Cogmind --------- Core Integrity 193/400 Matter 300/300 Energy 100/100 System Corruption 3% Temperature Cool (0) Movement Walking (245) Ox2 Location -9/Materials Parts ------- > --- POWER (1) -------- (None) > --- PROPULSION (3) --- Aluminum Leg Aluminum Leg > --- UTILITY (3) ------ Improved Heat Sink High-capacity Storage Unit > --- WEAPON (2) ------- (None) > --- INVENTORY (20) --- Light Ion Engine Light Ion Engine Small Storage Unit Medium Storage Unit Peak State ------------ > --- POWER ------------ Light Ion Engine > --- PROPULSION ------- Aluminum Leg Aluminum Leg Aluminum Leg > --- UTILITY ---------- Improved Heat Sink High-capacity Storage Unit Medium Matter Pod > --- WEAPON ----------- Particle Gun Assault Rifle > --- INVENTORY -------- Light Ion Engine Aluminum Leg Aluminum Leg Aluminum Leg Small Storage Unit Medium Storage Unit EM Pulse Gun Light Assault Rifle [Rating: 12] Favorites ----------- Power Light Ion Engine Engine Light Ion Engine Propulsion Aluminum Leg Leg Aluminum Leg Utility High-capacity Storage Unit Device Improved Heat Sink Storage High-capacity Storage Unit Weapon Assault Rifle Energy Gun Particle Gun Ballistic Gun Assault Rifle Build | -11 -10 -9 ------- Run | Yrd Mat Mat Slots Evolved 2 | . . 2 Power . | . . . Propulsion 1 | . . 1 Utility 1 | . . 1 Weapon . | . . . Parts Attached 18 | 6 2 10 Power 2 | 1 . 1 Engine 2 | 1 . 1 Core . | . . . Reactor . | . . . Propulsion 6 | 2 . 4 Treads . | . . . Leg 6 | 2 . 4 Wheel . | . . . Hover . | . . . Flight . | . . . Utility 5 | 1 2 2 Device 1 | . . 1 Storage 4 | 1 2 1 Processor . | . . . Hackware . | . . . Protection . | . . . Artifact . | . . . Weapon 5 | 2 . 3 Energy Gun 3 | . . 3 Energy Cannon . | . . . Ballistic Gun 2 | 2 . . Ballistic Cannon . | . . . Launcher . | . . . Special Weapon . | . . . Impact Weapon . | . . . Slashing Weapon . | . . . Piercing Weapon . | . . . Special Melee Weapon . | . . . Unidentified Prototypes . | . . . Parts Lost 12 | . . 12 Power 2 | . . 2 Propulsion 4 | . . 4 Utility 1 | . . 1 Weapon 5 | . . 5 Highest Loss Streak 7 | . . 7 To Critical Strikes . | . . . Average Backups 5 | 1 3 7 Power 1 | . 1 1 Propulsion 1 | . . 2 Utility 1 | . . 2 Weapon 1 | . 1 1 Tool/Special . | . . . Unused Backups 2 | . . 2 Power 2 | . . 2 Propulsion . | . . . Utility . | . . . Weapon . | . . . Tool/Special . | . . . Average Slot Usage (%) 89 | . 97 83 Engine 11 | . 14 10 Leg 29 | . 28 31 Device 5 | . . 10 Storage 19 | . 25 13 Energy Gun 4 | . . 8 Ballistic Gun 17 | . 28 8 Peak Build Rating 12 | 6 8 12 Average Rating 8 | 4 6 10 On Entrance 4 | . 6 7 Avg Prop Armor Cover (%) . | . . . Naked Turns . | . . . Heaviest Build 51 | 11 46 51 Greatest Support 30 | 20 20 30 Greatest Overweight (x) 4 | 1 2 4 Average Overweight (x) . | . . 1 Largest Inventory Capacity 20 | 8 20 20 Average Capacity 15 | 6 10 20 Most Carried 10 | 2 10 9 Average Carried 5 | 1 3 7 Final Capacity 20 | 8 20 20 Final Carried 10 | 2 10 4 Class Distribution -------------------- 97% | Mutant Dominant Class ---------------- Mutant | -10/Materials Mutant | -9/Materials Resources | -11 -10 -9 ----------- Run | Yrd Mat Mat Matter Collected 456 | 221 100 135 Remotely . | . . . Salvage Created 438 | . 100 338 Parts 30 | . 10 20 Haulers Intercepted . | . . . Recyclers Shooed . | . . . Parts Field Recycled . | . . . Retrieved Matter . | . . . Parts Self-Destructed . | . . . Prevented . | . . . Parts Restored . | . . . Kills | -11 -10 -9 ------- Run | Yrd Mat Mat Combat Hostiles Destroyed 15 | . 2 13 Guns 13 | . 2 11 AOE 2 | . . 2 Classes Destroyed 4 | . 2 2 Watcher 1 | . 1 . Swarmer 6 | . . 6 Grunt 8 | . 2 6 Brawler 1 | . . 1 Best Kill Streak 6 | . 2 6 Combat Bots Only 6 | . 2 6 Max Kills in Single Turn 1 | . 1 1 Gunslinging . | . . . Exploded 1 | . . 1 Melee . | . . . Uniques/NPCs Destroyed . | . . . Combat | -11 -10 -9 -------- Run | Yrd Mat Mat Hostile Shots Fired 160 | . 18 142 Missed 45 | . 4 41 Hits 115 | . 14 101 Melee 1 | . . 1 Projectile 114 | . 14 100 Critical Strikes 3 | . 1 2 Damage Taken 1052 | . 139 913 Core 230 | . 23 207 Absorbed by Shields . | . . . Ignored by Resistances 321 | . 43 278 Core Remaining (%) 95 | 100 90 . Volleys Fired 50 | . 13 37 Largest 2 | . 2 2 Hottest 85 | . 40 85 Shots Fired 86 | . 26 60 Gun 86 | . 26 60 Cannon . | . . . Launcher . | . . . Special . | . . . Kinetic 51 | . 26 25 Thermal 16 | . . 16 Explosive . | . . . Electromagnetic 19 | . . 19 Robot Hit Streak 14 | . 6 14 Robot Miss Streak 3 | . 3 3 Penetration Max . | . . . Secondary Targets 5 | . 1 4 Max Gunslinging Chain 1 | . 1 1 Shots Hit Robots 55 | . 18 37 Core Hits 24 | . 7 17 Critical Kills . | . . . Critical Parts Destroyed . | . . . Critical Strikes . | . . . Melee Attacks . | . . . Impact . | . . . Slashing . | . . . Piercing . | . . . Sneak Attacks . | . . . Combat Hostiles . | . . . Follow-up Attacks . | . . . Damage Inflicted 1033 | . 197 836 Guns 683 | . 197 486 Cannons . | . . . Explosions 312 | . . 312 Melee . | . . . Ramming 38 | . . 38 Kinetic 341 | . 197 144 Thermal 501 | . . 501 Explosive . | . . . Electromagnetic 153 | . . 153 Impact . | . . . Slashing . | . . . Piercing . | . . . Highest Corruption 3 | . . 3 Average Corruption 3 | . . 3 Corruption Purged . | . . . Corruption Blocked . | . . . Effects 3 | . . 3 Message Errors 1 | . . 1 Energy Discharges 1 | . . 1 Parts Rejected 1 | . . 1 Overload Shots . | . . . Overflow Damage 142 | . . 142 Projectiles . | . . . Explosions 142 | . . 142 Melee . | . . . Knockbacks . | . . . Impact . | . . . Kinetic . | . . . Secondary . | . . . Self-Inflicted Damage 103 | . . 103 Shots 2 | . . 2 Rammed . | . . . Targets Rammed 9 | . . 9 Kicked 9 | . . 9 Crushed . | . . . Highest Temperature 29 | . 29 17 Average Temperature 12 | . 12 16 Received Heat Transfer 375 | . 120 255 Siege Activations . | . . . Martial Activations . | . . . Shielding Activations . | . . . Robots Disrupted . | . . . Combat Hostiles . | . . . Robots Corrupted . | . . . Combat Hostiles . | . . . Parts Fried . | . . . Impact Corruptions . | . . . Robots Melted . | . . . Combat Hostiles . | . . . Parts Melted . | . . . Heat Transferred 644 | . . 644 Parts Sabotaged . | . . . Parts Stolen . | . . . Parts Stripped . | . . . Power Chain Reactions 2 | . . 2 Alert | -11 -10 -9 ------- Run | Yrd Mat Mat Maximum Alert Level 1 | . . 1 Low Security (%) 95 | 100 100 91 Level 1 4 | . . 8 Level 2 . | . . . Level 3 . | . . . Level 4 . | . . . Level 5 . | . . . High Security . | . . . Max Security . | . . . Peak Influence 252 | . 50 252 Initial . | . . . Average 40 | . 6 74 Influence Increases 538 | . 71 467 Destroy 0b10 Robot/C 300 | . 40 260 Destroy 0b10 Robot/NC 5 | . 5 . Destroy Leader 52 | . 12 40 Successful Hack 22 | . 14 8 Disable Machine 18 | . . 18 Destroy Structure 36 | . . 36 Lose Combat Pursuer 105 | . . 105 Influence Decreases 361 | . 71 290 Time Decay 241 | . 71 170 Lost Part 120 | . . 120 Squads Dispatched 3 | . . 3 Investigation 1 | . . 1 Extermination . | . . . Reinforcement 2 | . . 2 Assault . | . . . Garrison . | . . . Intercept . | . . . Searches Triggered . | . . . Construction Impeded 1 | . . 1 Haulers Reinforced . | . . . Active Scanning Responses . | . . . Cargo Convoy Interrupts . | . . . Stealth | -11 -10 -9 --------- Run | Yrd Mat Mat Distress Signals 4 | . . 4 Communications Jammed . | . . . Distress Signals . | . . . Times Spotted 36 | . 5 31 Peak Tracking Total 7 | . 3 7 Tactical Retreats 4 | . . 4 Traps | -11 -10 -9 ------- Run | Yrd Mat Mat Traps Triggered . | . . . Indirectly . | . . . Trap Hack Attempts . | . . . Triggered . | . . . Disarmed . | . . . Reprogrammed . | . . . Reused . | . . . Traps Extracted . | . . . Installed . | . . . Triggered . | . . . Machines | -11 -10 -9 ---------- Run | Yrd Mat Mat Machines Disabled 2 | . . 2 Max in Single Turn 2 | . . 2 Machines Repaired . | . . . Machines Dismantled . | . . . Machines Sabotaged . | . . . Overloaded Fab Kills . | . . . Hacking | -11 -10 -9 --------- Run | Yrd Mat Mat Machines Accessed 4 | . 2 2 Terminals 3 | . 2 1 Fabricators . | . . . Repair Stations . | . . . Recycling Units . | . . . Scanalyzers 1 | . . 1 Garrison Access . | . . . Total Hacks 8 | . 4 4 Successful 6 | . 2 4 Failed 2 | . 2 . Catastrophic 1 | . 1 . Database Lockouts . | . . . Manual 5 | . 4 1 Terminals 5 | . 4 1 Fabricators . | . . . Repair Stations . | . . . Recycling Units . | . . . Scanalyzers 3 | . . 3 Garrison Access . | . . . Terminal Hacks 3 | . 2 1 Part Schematic 1 | . 1 . Level Access Points 2 | . 1 1 Fabricator Hacks . | . . . Repair Station Hacks . | . . . Recycling Unit Hacks . | . . . Scanalyzer 3 | . . 3 Retrieve Study 3 | . . 3 Garrison Access Hacks . | . . . Unauthorized Hacks . | . . . Terminals . | . . . Fabricators . | . . . Repair Stations . | . . . Recycling Units . | . . . Scanalyzers . | . . . Garrison Access . | . . . Data Cores Recovered . | . . . Used . | . . . Hacking Detections 3 | . 1 2 Full Trace Events 1 | . . 1 Feedback Events . | . . . Feedback Blocked . | . . . Robot Schematics Acquired . | . . . Robots Built . | . . . Authchips . | . . . Time . | . . . Total Robot Build Rating . | . . . Part Schematics Acquired 1 | . 1 . Parts Built . | . . . Authchips . | . . . Time . | . . . Total Part Build Rating . | . . . Part Studies Acquired 3 | . . 3 Parts Repaired . | . . . Time . | . . . Parts Recycled . | . . . Recycled Matter . | . . . Retrieved Matter . | . . . Retrieved Components . | . . . Parts Scanalyzed . | . . . Part Schematics Acquired . | . . . Parts Damaged . | . . . Bothacking | -11 -10 -9 ------------ Run | Yrd Mat Mat Used RIF Installer . | . . . Robots Hacked . | . . . Non-combat . | . . . Combat . | . . . Robot Hacks Applied . | . . . Relay Couplers Released . | . . . Fabnet Peak Effective % . | . . . Robots Rewired . | . . . Allies Hacked . | . . . Hacks Repelled . | . . . Allies | -11 -10 -9 -------- Run | Yrd Mat Mat Total Allies . | . . . Largest Group . | . . . Highest-Rated Group . | . . . Highest-Rated Ally . | . . . Total Orders . | . . . Ally Attacks . | . . . Total Damage . | . . . Kills . | . . . Allies Corrupted . | . . . Allies Melted . | . . . Intel | -11 -10 -9 ------- Run | Yrd Mat Mat Active Infowar (turns) . | . . . Robot Analysis Total . | . . . Derelict Logs Recovered . | . . . Drone Launches . | . . . Drone Recoveries . | . . . Exploration | -11 -10 -9 ------------- Run | Yrd Mat Mat Turns Passed 1103 | 63 482 558 Spaces Moved 463 | 46 237 180 Core 5 | 5 . . Treads . | . . . Legs 458 | 41 237 180 Wheels . | . . . Hover . | . . . Flight . | . . . Fastest Speed 50 | 50 120 175 Average Speed 180 | 113 184 191 Slowest Speed 385 | 120 260 385 Overloaded Moves . | . . . Propulsion Burnouts . | . . . Robots Hopped . | . . . Potential Cave-ins . | . . . Cave-ins Triggered . | . . . Exploration Rate (%) 21 | 4 40 19 Regions Visited 2 Branch Regions . Pre-discovered Areas . | . . . Known Exits Taken 1 | . 1 . Unknown Exits Taken 1 | 1 . . Scrap Searched . | . . . Spaces Dug . | . . . Terrain Destroyed 33 | . . 33 Melee . | . . . Projectile . | . . . AOE 33 | . . 33 Terrain Rammed . | . . . Walls Destroyed . | . . . Machines Disabled . | . . . Actions | -11 -10 -9 --------- Run | Yrd Mat Mat Total 637 | 54 258 325 Wait 85 | 1 . 84 Move 461 | 45 236 180 Hop . | . . . Pick Up 10 | 2 6 2 Fast Attach 10 | 6 1 3 Attach 9 | . . 9 Detach 2 | . 1 1 Swap 1 | . 1 . Drop . | . . . Fire 50 | . 13 37 Melee . | . . . Ram . | . . . Kick 9 | . . 9 Crush . | . . . Escape Stasis . | . . . Rewire . | . . . Trap . | . . . Miscellaneous . | . . . Route ------- -11/Scrapyard -10/Materials (discovered 4 exits: *Mat x3 / [*Min]) -9/Materials (discovered 3 exits: Mat x3) History --------- Turn | Location | Event 6 | -11/Scrapyard | Discovered new exit (range 15) 64 | -11/Scrapyard | Entered Materials 65 | -10/Materials | Met a group of wandering Federalists 78 | -10/Materials | Identified exit to Materials 317 | -10/Materials | Build established: Mutant 358 | -10/Materials | Discovered new exit (range 13) 546 | -10/Materials | Entered another Materials area 546 | -9/Materials | Evolved 2 slots: Propulsion x1, Utility x1 964 | -9/Materials | Lost 3 parts (1p2w) 992 | -9/Materials | Identified exit to Materials 1097 | -9/Materials | Lost 7 parts (1p3n3w) 1103 | -9/Materials | Core integrity fell below 50% 1104 | -9/Materials | Self-destructed Last Messages --------------- 01048_ U-05 Engineer builds a Wall. 01048_ U-05 Engineer lays Concrete. 01049_ K-01 Serf collects debris. 01049_ U-05 Engineer lays Concrete. 01050_ Acquired 16 matter. 01050_ U-05 Engineer builds a Door. 01053_ U-05 Engineer lays Concrete. 01057_ U-05 Engineer builds a Wall. 01057_ U-05 Engineer lays Concrete. 01059_ Aluminum Leg+ destroyed. 01060_ %>S1CYKVVY%APOOBXE6QSU2Y/,7 01066_ Lgt. Ion Engine+ destroyed. 01070_ R-06 Scavenger collects Flight Unit. 01071_ Acquired 18 matter. 01075_ Acquired 13 matter. 01078_ Kicked S-10 Pest. 01080_ Kicked S-10 Pest out of the way. 01094_ Kicked S-10 Pest. 01098_ Aluminum Leg+ destroyed. 01099_ Kicked S-10 Pest out of the way. Map ----- +----------------------------------------------------+ | | | | | | | | | | | | | | | | | | | | | ?????????????????????????????????????????????????? | | ?????????????????????????????????????????????????? | | ?????????????????????????????????????????????????? | | ?????????????????????????????????????????????????? | | ?????????????????????????????????????????????????? | | ##???????????????????????????????????????????????? | | #???????????????????????????????????????????????? | | #???????????????????????????????????????????????? | | #???????????????????????????????????????????????? | | #???????????????????????????????????????????????? | | #???????????????????????????????????????????????? | | #???????????????????????????????????????????????? | | #???????????????????????????????????????????????? | | #?###########???????????????????????????????????? | | +#?# = #################### #????????????? | | ### /g Ys %%%@s #????????????? | | # """"""" ##%################# #????????????? | | # """"""" ## ## #????????????????????????? | | " + """"""" ## ## #????????????????????????? | | # """"""" ## ## "" #????????????????????????? | | # """"""" ## ## """#????????????????????????? | | ## ## ## S"#?????????? #????????????? | | #####+####### ## #????????? ##???????????? | | # ?? ?????# ####+############ T#???????????? | | / ##### = #????????????? | | # + #????????????? | | ##?############# % ?????????????? | | #??????????????###+####/#""+######?????????????? | | #???????????????#" " / =+???????????? | | #???????????????#" = #???????????? | | #???????????????#" " = #???????????? | | ???????????????#" " #???????????? | | ????????????????## ""#########???????????? | | ???????????????????#"""""""""#???????????????????? | | ???????????????????### #??????????????????? | | ?????????????????????# #??????????????????? | | ?????????????????????# #??????????????????? | | ?????????????????????# #??????????????????? | | ?????????????????????/ = #??????????????????? | | ?????????????????????# #??????????????????? | +----------------------------------------------------+ Best States ------------- Heat Dissipation 42 Energy Generation 11 Energy Capacity 125 Matter Stores 300 Matter Capacity 400 Sight Range 16 Terrain Scan Density 10 Resistance: KI 20 Resistance: TH 20 Resistance: EX 20 Resistance: EM 20 Resistance: I 20 Resistance: S 20 Resistance: P 20 Evasion (%) 55 Offensive Hacking 10 Item Schematics ----------------- Aluminum Leg | -10/Materials | Hacked Robot Schematics ------------------ None Fabricated ------------ Nothing Repaired ---------- Nothing Studied --------- Aluminum Leg | -9/Materials | Hacked Lgt. Assault Rifle | -9/Materials | Hacked Lgt. Ion Engine | -9/Materials | Hacked Alien Tech Used ----------------- None Achievements -------------- Item+ Overwhelming Challenges ------------ None Game ------ Seed NodeFlyingCapacitor Manual? 0 Play Time 00:08:31 Cumulative 44.5 hours Start 2025.10.29 @ 20:07:55 End 2025.10.29 @ 20:15:37 Sessions 1 Manual Loads 0 Difficulty Adventurer Special Mode None Game No. 51 Rogue 0 Adventurer 51 Explorer 0 Win Type - Total 0 Types 0/0/0/0/0/0/0/0/0/0 Lore% 14 Gallery% 31 Achievement% 18 Wizard Run 0 Options --------- Layout 1 ASCII 0 Keyboard 1 Movement Numpad Keybinds 0 Fullscreen 2 Font 24/Smallcaps Map View 50x35 Zoom Use 2% Tactical HUD 1 Map Filters NONE Filters NONE Steam 1 RUN: 058641fd-055f-44eb-9414-77e1758cf65f